AoeStats
← mati

Arena

509903825Analyzed
4v4 RM · 3d ago on Sep 28, 2026· 48m 32s· 8 players
Game mode
Random Map
Map size
Large (8 player)
Population
200
Speed
Normal
Resources
Standard
Victory
Conquest
Starting age
Dark Age
Ending age
Imperial Age
RankedLock teamsTeams togetherTeam positionsShared explorationLock speedFull tech treeHidden civsTurbo modeCheats
Victory
Defeat
🇩🇪 Varangians · Germany
1205
+13
🇩🇪 Danes · Germany
1193
+13
🇹🇼 Celts · Taiwan
1125
+16
🇸🇪 Magyars · Sweden
1085
+17
🇪🇸 Saxons · Spain
1149
-16
🇩🇪 Vietnamese · Germany
1139
-15
🇫🇷 Mongols · France
1135
-15
🇩🇪 Khitans · Germany
1092
-13
Barral
10:29 Feudal Age
14:21 Castle Age
12:48 Double-Bit Axe
14:43 Fletching
16:48 Stone Mining
16:48 Loom
28:31 Bow Saw
32:51 Imperial Age
31:24 Gambesons
31:39 Squires
31:25 Arson
32:11 Guard Tower
33:21 Ballistics
33:29 Elite Varangian Guard
37:40 Forging
38:43 Scale Mail Armor
39:19 Iron Casting
40:40 Light Cavalry
41:32 Bloodlines
41:22 Husbandry
41:17 Horse Collar
42:41 Two-Man Saw
41:33 Heavy Scorpion
Lichtenauer_OP
10:58 Feudal Age
12:33 Double-Bit Axe
12:35 Horse Collar
15:41 Castle Age
16:37 Bow Saw
16:58 Heavy Plow
20:01 Wheelbarrow
19:44 Fletching
21:41 Crossbowman
23:19 Padded Archer Armor
23:54 Ballistics
24:39 Leather Archer Armor
25:02 Gold Mining
25:11 Bodkin Arrow
26:06 Fortified Wall
27:55 Hand Cart
27:03 Pikeman
27:51 Stone Mining
28:12 Treadmill Crane
28:07 Elite Skirmisher
28:50 Squires
29:03 Forging
28:54 Scale Mail Armor
31:51 Imperial Age
30:44 Iron Casting
31:47 Thumb Ring
32:04 Leather Archer Armor
32:44 Bracer
33:48 Chemistry
32:11 Arbalester
32:47 Loom
33:25 Chain Mail Armor
32:56 Imperial Skirmisher
34:12 Crop Rotation
34:55 Paper Money
35:23 Ring Archer Armor
36:39 Halberdier
37:52 Plate Mail Armor
SemperBlender
11:31 Feudal Age
16:02 Castle Age
14:03 Domestication
14:16 Double-Bit Axe
14:42 Gold Mining
16:43 Pastoralism
16:55 Bow Saw
17:43 Wheelbarrow
23:10 Hand Cart
23:03 Stone Mining
24:19 Stone Shaft Mining
24:06 Loom
30:56 Imperial Age
28:26 Town Watch
29:05 Forging
28:56 Scale Mail Armor
28:54 Man-at-Arms
29:41 Long Swordsman
31:04 Iron Casting
30:44 Chain Mail Armor
30:56 Gambesons
31:12 Squires
30:58 Arson
32:43 Two-Man Saw
32:16 Transhumance
31:21 Two-Handed Swordsman
33:10 Champion
35:05 Plate Mail Armor
34:26 Fletching
36:12 Conscription
35:58 Lamellar Armor
36:40 Lamellar Armor
37:57 Town Patrol
37:54 Bodkin Arrow
38:24 Ballistics
38:15 Fortified Wall
38:16 Masonry
37:49 Treadmill Crane
40:15 Pikeman
42:51 Bracer
42:52 Padded Archer Armor
44:12 Chemistry
Morgoth_Ak
11:01 Feudal Age
14:34 Castle Age
13:54 Double-Bit Axe
15:04 Stone Mining
24:50 Loom
25:44 Wheelbarrow
27:21 Hand Cart
26:54 Town Watch
27:25 Bow Saw
28:39 Fletching
28:50 Padded Archer Armor
29:47 Pikeman
30:28 Squires
30:14 Arson
30:46 Leather Archer Armor
30:27 Bodkin Arrow
31:15 Ballistics
30:54 Bodkin Arrow
31:05 Scale Barding Armor
35:16 Imperial Age
33:14 Nomads
34:39 Chain Barding Armor
34:29 Thumb Ring
35:51 Bloodlines
35:43 Husbandry
36:23 Conscription
36:23 Drill
35:49 Elite Mangudai
36:19 Light Cavalry
38:20 Chemistry
37:43 Bracer
37:54 Forging
37:44 Scale Mail Armor
38:34 Parthian Tactics
38:00 Hussar
38:53 Capped Ram
44:48 Siege Ram
ARo
9:51 Feudal Age
10:32 Double-Bit Axe
11:55 Wheelbarrow
14:24 Castle Age
12:22 Horse Collar
15:32 Town Watch
16:05 Hand Cart
17:17 Bow Saw
18:32 Heavy Plow
24:50 Gold Mining
24:56 Stone Mining
25:56 Loom
27:31 Gold Shaft Mining
28:37 Stone Shaft Mining
31:28 Imperial Age
29:31 Ballistics
29:24 Masonry
29:18 Scale Mail Armor
29:28 Forging
30:05 Forging
30:18 Ballistics
29:53 Fletching
30:21 Chain Mail Armor
30:48 Squires
30:34 Arson
30:37 Town Watch
31:44 Iron Casting
31:00 Fletching
30:41 Pikeman
31:07 Gambesons
30:48 Hamask
32:02 Town Patrol
32:15 Capped Ram
33:05 Siege Engineers
33:34 Plate Mail Armor
33:35 Conscription
33:55 Hoardings
34:49 Blast Furnace
33:47 Bodkin Arrow
33:14 Halberdier
33:48 Elite Varangian Guard
34:43 Siege Ram
35:10 Northmen's Fury
35:57 Elite Jomsviking
38:19 Bracer
38:19 Padded Archer Armor
37:47 Onager
40:18 Chemistry
39:43 Siege Onager
41:15 Heavy Scorpion
42:03 Man-at-Arms
JoBieter
10:04 Feudal Age
13:36 Castle Age
11:45 Double-Bit Axe
12:49 Loom
14:51 Loom
21:10 Gold Mining
23:10 Stone Mining
25:01 Bow Saw
24:33 Horse Collar
26:42 Wheelbarrow
31:23 Imperial Age
29:51 Heavy Plow
30:39 Ballistics
30:32 Fletching
30:57 Masonry
32:25 Conscription
33:21 Two-Man Saw
33:30 Siege Engineers
35:12 Conscription
36:20 Gothikon
38:26 Hand Cart
38:53 Bodkin Arrow
40:18 Architecture
39:44 Murder Holes
39:29 Treadmill Crane
40:46 Bracer
41:23 Padded Archer Armor
41:23 Scale Mail Armor
41:33 Forging
41:23 Elite Skirmisher
43:11 Chemistry
42:29 Leather Archer Armor
43:26 Squires
44:16 Stone Shaft Mining
44:44 Chain Mail Armor
45:04 Iron Casting
45:03 Elite Varangian Guard
45:29 Arson
47:16 Town Watch
48:22 Crop Rotation
爺爺使把勁
11:02 Feudal Age
15:49 Castle Age
13:49 Double-Bit Axe
14:13 Horse Collar
16:36 Wheelbarrow
16:35 Heavy Plow
24:15 Gold Mining
24:57 Stone Mining
25:43 Gold Shaft Mining
26:49 Stone Shaft Mining
27:02 Hand Cart
32:02 Imperial Age
30:18 Forging
30:08 Scale Mail Armor
31:57 Iron Casting
31:34 Town Watch
32:07 Chain Mail Armor
32:41 Town Patrol
34:08 Blast Furnace
33:13 Gambesons
32:51 Pikeman
34:21 Plate Mail Armor
33:16 Elite Woad Raider
35:33 Chemistry
34:55 Ballistics
34:41 Siege Engineers
34:49 Masonry
35:29 Halberdier
36:39 Heavy Scorpion
37:09 Capped Ram
41:54 Conscription
42:37 Furor Celtica
42:23 Fletching
47:18 Man-at-Arms
mati
10:47 Feudal Age
12:01 Double-Bit Axe
14:49 Castle Age
13:14 Horse Collar
13:55 Stone Mining
16:20 Loom
20:07 Scale Barding Armor
20:41 Heavy Plow
21:57 Bow Saw
22:54 Husbandry
24:00 Bloodlines
26:03 Chain Barding Armor
27:27 Wheelbarrow
26:40 Town Watch
28:07 Gold Mining
30:25 Hand Cart
31:39 Fletching
31:49 Padded Archer Armor
35:06 Gold Shaft Mining
35:20 Thumb Ring
38:29 Imperial Age
36:43 Corvinian Army
37:30 Bodkin Arrow
37:51 Leather Archer Armor
38:01 Ballistics
39:51 Parthian Tactics
39:31 Bracer
40:02 Ring Archer Armor
41:40 Chemistry
41:11 Heavy Cavalry Archer
44:13 Conscription
43:14 Elite Magyar Huszar
46:00 Plate Barding Armor
Connection lost

Rejoining the realm…

Still unreachable

The connection could not be restored.

Session expired

The server has moved on; the page needs a fresh start.